 Dungeon Crawl Stone Soup version 0.29-a0-251-g80730f7218 (webtiles) character file.

Game seed: 14149180328390872657

636 Hofan the Sneak (level 7, -1/32 HPs)
             Began as a Spriggan Enchanter on Mar 5, 2022.
             Slain by a black bear (8 damage)
             ... on level 5 of the Dungeon.
             The game lasted 00:11:52 (5445 turns).

Hofan the Sneak (Spriggan Enchanter)                Turns: 5445, Time: 00:11:54

Health: -1/32      AC:  8    Str:  6    XL:     7   Next: 25%
Magic:  11/17      EV: 17    Int: 23    God:
Gold:   371        SH:  0    Dex: 15    Spells: 8/19 levels left

rFire   . . .      SeeInvis +   a - +2 dagger
rCold   + . .      Faith    .   (no shield)
rNeg    . . .      Spirit   .   j - +2 robe {rC+}
rPois   .          Reflect  .   (helmet restricted)
rElec   .          Harm     .   (no cloak)
rCorr   .          Rampage  .   (gloves unavailable)
Will    +....                   (boots unavailable)
Stlth   +++.......              l - amulet of the acrobat
HPRegen 0.10/turn               f - +6 ring of intelligence
MPRegen 0.15/turn               m - +4 ring of protection

@: very slightly contaminated, very quick
A: very small, no large weapons, unfitting armour, see invisible, speed 3
a: no special abilities


You were on level 5 of the Dungeon.
You visited 1 branch of the dungeon, and saw 5 of its levels.

You collected 371 gold pieces.

Inventory:

Hand Weapons
 a - a +2 dagger (weapon)
Missiles
 e - 20 poisoned darts (quivered)
Armour
 j - a +2 robe of cold resistance (worn)
Jewellery
 f - a +6 ring of intelligence (left hand)
 l - an amulet of the acrobat (around neck)
 m - a +4 ring of protection (right hand)
Potions
 b - 2 potions of heal wounds {unknown}
 c - a potion of invisibility
 d - a potion of lignification {unknown}
 g - 2 potions of curing
 h - 3 potions of flight
 i - a potion of berserk rage {unknown}
 k - a potion of cancellation {unknown}
 n - a potion of brilliance {unknown}


   Skills:
 - Level 1.1 Short Blades
 - Level 2.6 Dodging
 + Level 7.0 Stealth
 + Level 6.5 Spellcasting
 + Level 7.0 Hexes


You had 8 spell levels left.
You knew the following spells:

 Your Spells              Type           Power      Damage    Failure   Level
a - Ensorcelled Hibernat  Hex/Ice        46%        N/A       3%          2
b - Tukima's Dance        Hex            39%        N/A       1%          3
c - Dazzling Flash        Conj/Hex       46%        N/A       6%          3
d - Confusing Touch       Hex            39%        N/A       1%          3

Your spell library contained the following spells:

 Spells                   Type           Power      Damage    Failure   Level


Dungeon Overview and Level Annotations

Branches:
Dungeon (5/15)
 Temple: D:4-7

Altars:
Xom

Shops:
D:2 !

Portals:
Abyss: D:4

Annotations:
D:4 2 transporters, iamserjio's ghost, amateur OgTm


Innate Abilities, Weirdness & Mutations

You are very small and have problems with some larger weapons.
You are too small for most types of armour.
You have supernaturally acute eyesight. (SInv)
You cover ground extremely quickly. (Speed+++)


Message History

The black bear resists with significant effort.
Unknown command.
Casting: Ensorcelled Hibernation (safe; 3% risk of failure)
Confirm with . or Enter, or press ? or * to list all spells.
Aiming: Ensorcelled Hibernation (safe; 3% risk of failure)
Press: ? - help, Shift-Dir - straight line, f/p - black bear
Aim: a black bear (chance to affect: 55%)
The black bear looks drowsy...
Unknown command.
The helpless black bear fails to defend itself.
You impale the black bear!!
The black bear is severely wounded.
The black bear goes berserk!
Found a robe.
The black bear rages.
The black bear misses you. x2; The black bear completely misses you.
The black bear rages.
You see here a +0 robe.
Casting: Ensorcelled Hibernation (safe; 3% risk of failure)
Confirm with . or Enter, or press ? or * to list all spells.
You miscast Confusing Touch.
You are very lightly contaminated with residual magic.
Nothing appears to happen.
The black bear misses you. The black bear completely misses you.
The black bear barely misses you.
Unknown command.
You hit the black bear.
The black bear is severely wounded.
The black bear misses you.
The black bear claws you but does no damage.
The black bear closely misses you.
You hit the black bear.
The black bear is almost dead.
The black bear bites you! The black bear claws you. x2
You hit the black bear.
The black bear is almost dead.
The black bear bites you!
* * * LOW HITPOINT WARNING * * *
The black bear closely misses you. The black bear misses you.
The black bear bites you!
You die...

.## ... #.# ... ..##
... .. #...#####
.....# ....... .....#
..... ..... ... ##.#
### #.# ...####.....
#@# ....#....##.# #h#
..#!.....# .. #.##
#.)......# #. #..#
.#.......###.####.####
.......#.............#
.....######....$$....#
......#######........#
##.........##........#


You could see a black bear (berserk).

Vanquished Creatures
  A phantom (D:3)
  A jelly (D:5)
  2 hounds
  3 orc wizards
  2 iguanas
  4 adders
  A shadow imp (D:5)
  A worm (D:2)
  3 dart slugs
  6 orcs
  6 endoplasms
  7 giant cockroaches
  10 goblins
  3 hobgoblins
  11 jackals
  2 quokkas
  5 ball pythons
  6 bats
  3 frilled lizards (D:1)
  8 kobolds
  8 rats
93 creatures vanquished.

Vanquished Creatures (collateral kills)
  Sigmund (D:3)
  An orc priest (D:3)
  An orc (D:3)
3 creatures vanquished.

Vanquished Creatures (others)
  A dancing weapon (D:3)
1 creature vanquished.

Grand Total: 97 creatures vanquished

Notes
Turn   | Place    | Note
-------+----------+-------------------------------------------
     0 | D:1      | Hofan the Spriggan Enchanter began the quest for the Orb.
     0 | D:1      | Reached XP level 1. HP: 9/9 MP: 5/5
    18 | D:1      | Found a faded altar of an unknown god.
   214 | D:1      | Reached XP level 2. HP: 8/13 MP: 7/7
   217 | D:1      | Learned a level 2 spell: Ensorcelled Hibernation
  1161 | D:1      | Reached XP level 3. HP: 15/16 MP: 6/9
  1165 | D:1      | Learned a level 3 spell: Tukima's Dance
  1169 | D:1      | Learned a level 3 spell: Confusing Touch
  2385 | D:2      | Found a shimmering altar of Xom.
  2794 | D:2      | Found Iptel's Distillery.
  2902 | D:2      | Reached XP level 4. HP: 21/21 MP: 11/11
  2906 | D:2      | Learned a level 3 spell: Dazzling Flash
  3096 | D:3      | Reached skill level 5 in Hexes
  3369 | D:3      | Reached skill level 5 in Spellcasting
  3369 | D:3      | Reached XP level 5. HP: 24/24 MP: 7/13
  3605 | D:3      | Noticed Sigmund
  3614 | D:3      | Killed Sigmund
  3615 | D:3      | Reached skill level 5 in Stealth
  3615 | D:3      | Reached XP level 6. HP: 24/28 MP: 8/15
  4904 | D:4      | Reached XP level 7. HP: 32/32 MP: 14/17
  4964 | D:4      | Found a transporter.
  4967 | D:4      | Found a transporter.
  4967 | D:4      | Found a one-way gate to the infinite horrors of the Abyss.
  4967 | D:4      | Noticed iamserjio's ghost (amateur OgTm)
  4996 | D:4      | Noticed a small abomination
  5228 | D:5      | Entered Level 5 of the Dungeon
  5445 | D:5      | Slain by a black bear

Illustrated notes

Levels and vault maps discovered:
D:1:      lightli_arrival_statue_moat, layout_basic,
          hellmonk_ecumenical_altar_heavens_door
D:2:      layout_basic, serial_shops, shop_coins, minmay_hexomino_r4
D:3:      layout_basic, uniq_sigmund
D:4:      layout_loops_ring, gammafunk_ghost_abyssal_escape, minmay_unequal
D:5:      layout_rooms, kennysheep_decorative_pillar, corexii_shack,
          grunt_tough_drop

Skill      XL: |  1  2  3  4  5  6  7 |
---------------+----------------------+-----
Spellcasting   | 3 4 5 6 |  6.5
Hexes          | 4 5 6 7 |  7.0
Stealth        | 5 6 7 |  7.0
Short Blades   | |  1.1
Dodging        | |  2.6

Action                   |  1- 3 |  4- 6 |  7- 9 || total
-------------------------+-------+-------+-------++-------
Melee: Dagger            |   107 |    96 |    23 ||   226
       Punch             |     2 |     1 |       ||     3
 Cast: Ensorcelled Hiber |    24 |    18 |    10 ||    52
       Tukima's Dance    |       |     6 |       ||     6
       Confusing Touch   |       |     2 |       ||     2
  Use: Scroll            |     5 |     5 |     1 ||    11
       Potion            |       |     2 |       ||     2
 Stab: Sleeping          |    20 |    17 |     9 ||    46
       Confused          |       |     3 |       ||     3
       Distracted        |       |       |     1 ||     1
Armor: Robe              |    24 |     8 |     4 ||    36
Dodge: Dodged            |    73 |    72 |    23 ||   168

Table legend: (Time is in decaauts)
 A = Elapsed time spent in this place.
 B = Non-inter-level travel time spent in this place.
 C = Inter-level travel time spent in this place.
 D = Time resting spent in this place.
 E = Time spent auto-exploring this place.
 F = Levels seen in this place.
 G = Mean time per level.
                   A        B        C        D        E       F      G
               +--------+--------+--------+--------+--------+-----+--------+
         Total |   4097 |   3990 |    107 |    434 |   2792 |   5 |  819.4 |
       Dungeon |   4097 |   3990 |    107 |    434 |   2792 |   5 |  819.4 |
               +--------+--------+--------+--------+--------+-----+--------+

Top non-repeatable levels by time:
     D:1: 1453 daAuts
     D:2: 990 daAuts
     D:3: 875 daAuts
     D:4: 598 daAuts
     D:5: 180 daAuts
